 Dungeon Sprint DCSS version 0.21.1-1-g345015f (webtiles) character file.

265 sankara the Severer (level 6, -3/51 HPs)
             Began as a Hill Orc Fighter on Apr 2, 2018.
             Slain by a slime creature (15 damage)
             ... in the Dungeon (Sprint I: "Red Sonja").
             The game lasted 00:03:44 (793 turns).

sankara the Severer (Hill Orc Fighter)               Turns: 793, Time: 00:03:45

Health: -3/51      AC:  6    Str: 24    XL:     6   Next: 20%
Magic:  6/6        EV:  7    Int: 10    God:
Gold:   162        SH:  9    Dex: 10    Spells: 5/5 levels left

rFire    . . .     SeeInvis .   a - +0 war axe
rCold    . . .     Gourm    .   c - +0 shield
rNeg     . . .     Faith    .   b - +0 scale mail
rPois    .         Spirit   .   (no helmet)
rElec    .         Reflect  .   (no cloak)
rCorr    .         Harm     .   (no gloves)
MR       .....     NoTele   +   (no boots)
Stlth    ..........             (no amulet)
HPRegen  0.17/turn              (no ring)
MPRegen  0.10/turn              (no ring)

@: mighty
A: no striking features
a: no special abilities


You were in the Dungeon.
You were not hungry.

You visited 1 branch You collected 162 gold pieces.

Inventory:

Hand Weapons
 a - a +0 war axe (weapon)
Armour
 b - a +0 scale mail (worn)
 c - a +0 shield (worn)
 m - a +1 leather armour of cold resistance
   (You took it off Ijyb in the Dungeon)
Wands
 l - a wand of flame (8)
   (You took it off Sigmund in the Dungeon)
Scrolls
 k - a scroll of blinking {!r}
Potions
 e - a potion of curing
 g - a potion of heal wounds
 h - a potion of haste
 i - 2 potions of magic
 j - a potion of berserk rage {!q}
Comestibles
 f - a ration


   Skills:
 + Level 3.6 Fighting
 + Level 15.3 Axes
 + Level 3.2 Armour
 + Level 0.0 Dodging
 + Level 3.2 Shields


You had 5 spell levels left.
You didn't know any spells.

Dungeon Overview and Level Annotations

Branches:
Dungeon (1/1)

Altars:
Makhleb
Xom
Jiyva
Lugonu


Message History

The puff of flame hits you!
You barely miss something. You block something's attack.
You miss something. You hit something.
Reactivating autopickup.
Your Axes skill gained 4 levels and is now at level 15!
You have reached level 5!
You feel stronger.
You have reached level 6!
Your experience leads to an increase in your attributes!
Increase (S)trength, (I)ntelligence, or (D)exterity?
You feel clever.
You feel a bit more experienced.
Unknown command.
l - a wand of flame (8)
Things that are here:
a scythe; a robe; the human corpse of Sigmund You butcher the human corpse of Sigmund.
n - a chunk of flesh {@w0}
Things that are here:
a scythe; a robe You start resting.
HP restored.
You open the door.
There is an open door here.
You now have 81 gold pieces (gained 27).
You now have 108 gold pieces (gained 27).
You now have 135 gold pieces (gained 27).
You now have 162 gold pieces (gained 27).
You open the door.
A slime creature comes into view.
Found four altars.
There is an open door here.
Your shield prevents you from hitting the slime creature.
The slime creature hits you but does no damage.
You hit the slime creature but do no damage.
The slime creature barely misses you.
You slash the slime creature!
The slime creature is lightly wounded.
The slime creature hits you!
You hit the slime creature but do no damage.
The slime creature is lightly wounded.
You block the slime creature's attack.
You slash the slime creature!
The slime creature is moderately wounded.
The slime creature hits you!
You hit the slime creature but do no damage.
The slime creature is moderately wounded.
The slime creature hits you!
You slash the slime creature!
The slime creature is heavily wounded.
You barely miss the slime creature.
The slime creature is heavily wounded.
The slime creature hits you!
* * * LOW HITPOINT WARNING * * *
There is an open door here.
Things that are here:
a scythe; a robe
There is an open door, spattered with blood here.
You block the slime creature's attack.
You see here a giant club.
There is an open door, spattered with blood here.
There is an open door here.
You close the door.
You start resting.
All of the chunks of flesh in your inventory have rotted away.
HP restored.
You open the door.
There is an open door here.
There is an open door here.
You see here a giant club.
There is an open door here.
Things that are here:
a scythe; a robe
There is an open door here.
Okay, then.
You slash the slime creature!
The slime creature is lightly wounded.
You hit the slime creature but do no damage.
The slime creature is lightly wounded.
The slime creature hits you!
You barely miss the slime creature.
The slime creature is lightly wounded.
The slime creature hits you but does no damage.
You slash the slime creature!
The slime creature is moderately wounded.
The slime creature hits you!!
You feel very mighty all of a sudden. The slime creature hits you!
* * * LOW HITPOINT WARNING * * *
You hit the slime creature.
The slime creature is moderately wounded.
The slime creature hits you.
* * * LOW HITPOINT WARNING * * *
You slash the slime creature!
The slime creature is moderately wounded.
You slice the slime creature!!
The slime creature is severely wounded.
The slime creature hits you!
You die...

###################
#<.#..').#..'..#__#
#..'..#..').#@J'..+
#..#####'#####+#__#
#..# #..# ### #..#
#### #..# #⌠⌠# ####


You could see a slime creature.

Vanquished Creatures
  Sigmund (D)
  An ogre (D)
  Ijyb (D)
3 creatures vanquished.

Notes
Turn   | Place    | Note
-------+----------+-------------------------------------------
     0 | D        | sankara the Hill Orc Fighter began the quest for the Orb.
     0 | D        | Reached XP level 1. HP: 19/19 MP: 1/1
     1 | D        | Noticed Ijyb
    16 | D        | Killed Ijyb
    16 | D        | Reached skill level 8 in Axes
    16 | D        | Reached XP level 2. HP: 25/26 MP: 2/2
    16 | D        | Reached XP level 3. HP: 29/31 MP: 3/3
    62 | D        | Noticed an ogre
    69 | D        | HP: 6/31 [ogre/giant club (10)]
    70 | D        | Killed an ogre
    70 | D        | Reached skill level 11 in Axes
    70 | D        | Reached XP level 4. HP: 8/39 MP: 4/4
   316 | D        | Noticed Sigmund
   330 | D        | Killed Sigmund
   330 | D        | Reached skill level 15 in Axes
   330 | D        | Reached XP level 5. HP: 21/45 MP: 5/5
   330 | D        | Reached XP level 6. HP: 24/51 MP: 6/6
   497 | D        | Found a burning altar of Makhleb.
   497 | D        | Found a viscous altar of Jiyva.
   497 | D        | Found a shimmering altar of Xom.
   497 | D        | Found a corrupted altar of Lugonu.
   497 | D        | Noticed a slime creature
   506 | D        | HP: 5/51 [slime creature (15)]
   790 | D        | HP: 12/51 [slime creature (13)]
   793 | D        | Slain by a slime creature

Skill      XL: |  1  2  3  4 |
---------------+-------------+-----
Axes           | 8 11 15 | 15.3
Fighting       | |  3.6
Armour         | |  3.2
Shields        | |  3.2

Action                   |  1- 3 |  4- 6 || total
-------------------------+-------+-------++-------
Melee: War axe           |    21 |    28 ||    49
  Use: Potion            |       |     1 ||     1
Armor: Scale mail        |     9 |     4 ||    13
Dodge: Dodged            |     5 |     1 ||     6
Block: Shield            |     9 |     5 ||    14

Vault maps used:
D:        dungeon_sprint_1

Table legend:
 A = Turns spent in this place as a percentage of turns spent in the entire game.
 B = Non-inter-level travel turns spent in this place as a percentage of non-inter-level travel turns spent in the entire game.
 C = Inter-level travel turns spent in this place as a percentage of turns spent in this place.
 D = Turns resting spent in this place as a percentage of non-inter-level travel turns spent in this place.
 E = Turns spent auto-exploring this place as a percentage of non-inter-level travel turns spent in this place.
 F = Non-inter-level travel turns spent in this place divided by the number of levels of this place that you've seen.
                   A       B       C       D       E      F
               +-------+-------+-------+-------+-------+----------------------
         Total | 100.0 | 100.0 |   0.0 |  80.2 |   0.1 | 793.0
       Dungeon | 100.0 | 100.0 |   0.0 |  80.2 |   0.1 | 793.0
               +-------+-------+-------+-------+-------+----------------------

Table legend:
 A = Kills in this place as a percentage of kills in entire the game.
 B = Kills by you in this place as a percentage of kills by you in the entire game.
 C = Kills by friends in this place as a percentage of kills by friends in the entire game.
 D = Other kills in this place as a percentage of other kills in the entire game.
 E = Experience gained in this place as a percentage of experience gained in the entire game.
 F = Experience gained in this place divided by the number of levels of this place that you have seen.
                   A       B       C       D       E      F
               +-------+-------+-------+-------+-------+----------------------
         Total | 100.0 | 100.0 |   N/A |   N/A | 100.0 | 379.0
       Dungeon | 100.0 | 100.0 |   N/A |   N/A | 100.0 | 379.0
               +-------+-------+-------+-------+-------+----------------------
